 Dungeon Crawl Stone Soup version 0.23.0 (webtiles) character file.

Game seed: 11664859170832932380

1281 Morgius the Destroyer (level 8, -1/41 HPs)
             Began as a Deep Elf Wizard on Feb 19, 2019.
             Was an Initiate of Vehumet.
             Slain by a bullfrog (4 damage)
             ... on level 6 of the Dungeon.
             The game lasted 00:10:23 (4497 turns).

Morgius the Destroyer (Deep Elf Wizard)             Turns: 4497, Time: 00:10:24

Health: -1/41      AC:  3    Str:  7    XL:     8   Next: 29%
Magic:  0/25       EV: 13    Int: 25    God:    Vehumet [......]
Gold:   252        SH:  0    Dex: 13    Spells: 4/15 levels left

rFire    . . .     SeeInvis .   s - +2 long sword (protect)
rCold    . . .     Gourm    .   (no shield)
rNeg     . . .     Faith    .   a - +0 robe
rPois    .         Spirit   .   q - +0 helmet
rElec    .         Reflect  .   (no cloak)
rCorr    .         Harm     .   (no gloves)
MR       .....                  (no boots)
Stlth    ++........             (no amulet)
HPRegen  0.13/turn              p - +2 ring of strength
MPRegen  0.19/turn              r - ring of magical power

@: very slightly contaminated
A: no striking features
a: Renounce Religion


You were on level 6 of the Dungeon.
You worshipped Vehumet.
Vehumet was noncommittal.
You were not hungry.

You visited 1 branch of the dungeon, and saw 6 of its levels.

You collected 252 gold pieces.

Inventory:

Hand Weapons
 s - a +2 long sword of protection (weapon)
 t - a +5 dire flail of draining
Missiles
 k - 38 poisoned needles
Armour
 a - a +0 robe (worn)
 b - a +0 hat
 q - a +0 helmet (worn)
 x - the +4 chain mail "Voklaaco" {-Cast +Fly Int+5 Dex+2, unknown}
   (You found it on level 5 of the Dungeon)

   It affects your intelligence (+5).
   It affects your dexterity (+2).
   It lets you fly.
   It prevents spellcasting.
Jewellery
 p - a +2 ring of strength (left hand)
 r - a ring of magical power (right hand)
Wands
 e - a wand of acid (16)
Scrolls
 f - 6 scrolls of identify
 g - a scroll of fear
 i - a scroll of random uselessness
 j - 2 scrolls of teleportation
 l - 3 scrolls of remove curse {unknown}
 m - a scroll of enchant armour {unknown}
 n - a scroll of fog {unknown}
 o - a scroll of noise {unknown}
 u - a scroll of magic mapping {unknown}
 w - a scroll of blinking {unknown}
Potions
 c - 2 potions of ambrosia {unknown}
 v - a potion of invisibility {unknown}
Comestibles
 d - 8 rations


   Skills:
 - Level 2.4 Dodging
 - Level 2.4 Stealth
 - Level 4.4 Spellcasting
 + Level 10.9 Conjurations
   Level 1.1 Summonings
   Level 1.1 Translocations


You had 4 spell levels left.
You knew the following spells:

 Your Spells              Type           Power        Failure   Level  Hunger
a - Magic Dart            Conj           ####         1%          1    None
b - Conjure Flame         Conj/Fire      ####....     2%          3    ##.....
c - Mephitic Cloud        Conj/Pois/Air  ###.....     6%          3    ##.....
d - Iskenderun's Mystic   Conj           ######..     1%          4    ####...

Your spell library contained the following spells:

 Spells                   Type           Power        Failure   Level  Hunger
 Searing Ray              Conj           ######       1%          2    None
 Dazzling Spray           Conj/Hex       ####..       2%          3    ##.....
 Force Lance              Conj/Tloc      #####...     8%          4    ####...
 Blink                    Tloc           N/A          9%          2    None
 Call Imp                 Summ           ##......     9%          2    None
 Fulminant Prism          Conj/Hex       ####......   10%         4    ####...
 Slow                     Hex            #.......     13%         2    None


Dungeon Overview and Level Annotations

Branches:
Dungeon (5/15)
 Temple: D:4-7

Altars:
Ashenzari
Dithmenos
Kikubaaqudgha
Qazlal
Vehumet
Zin

Shops:
D:2 *


Message History

Confirm with . or Enter, or press ? or * to list all spells.
Aiming: Magic Dart (safe; 1% risk of failure)
Press: ? - help, Shift-Dir - straight line, f/p - ice beast
Aim: an ice beast (severely wounded)
The magic dart hits the ice beast.
The ice beast is almost dead.
The bullfrog misses you. The ice beast hits you. The ice beast freezes you!
* * * LOW HITPOINT WARNING * * *
The bullfrog hits you.
* * * LOW HITPOINT WARNING * * *
Casting: Magic Dart (safe; 1% risk of failure)
Confirm with . or Enter, or press ? or * to list all spells.
Aiming: Magic Dart (safe; 1% risk of failure)
Press: ? - help, Shift-Dir - straight line, f/p - ice beast
Aim: an ice beast (almost dead)
The magic dart hits the ice beast.
You kill the ice beast!
Vehumet accepts your kill. The bullfrog hits you.
You die...

.......
.......
##.......
##.......^
#.(#.#
#####(##.#
#.....(..#
#[...F...#
#...@)...##
###...........
#...(......###
#.......##...#
#.......# ....
#.......# #.##
#.......# #
#.......#
#.......#


You could see a bullfrog.

Vanquished Creatures
  Edmund (D:5)
  3 ice beasts (D:6)
  An ogre (D:6)
  A phantom (D:4)
  A centaur (D:5)
  A bullfrog (D:6)
  A scorpion (D:4)
  A crimson imp (D:5)
  3 hounds
  An orc priest (D:2)
  A centaur skeleton (D:4)
  A bullfrog skeleton (D:5)
  An iguana (D:4)
  3 worker ants
  9 adders
  5 gnolls
  4 oozes
  A worm (D:2)
  3 dart slugs
  4 leopard geckos
  5 orcs
  4 giant cockroaches
  10 goblins
  9 hobgoblins
  6 jackals
  9 kobolds
  A quokka (D:2)
  5 ball pythons
  3 bats
  7 frilled lizards
  8 rats
113 creatures vanquished.

Notes
Turn   | Place    | Note
-------+----------+-------------------------------------------
     0 | D:1      | Morgius the Deep Elf Wizard began the quest for the Orb.
     0 | D:1      | Reached XP level 1. HP: 10/10 MP: 7/7
   115 | D:1      | Reached skill level 2 in Conjurations
   271 | D:1      | Reached XP level 2. HP: 9/15 MP: 0/9
   495 | D:1      | Reached skill level 3 in Conjurations
   495 | D:1      | Reached XP level 3. HP: 18/19 MP: 5/10
  1002 | D:2      | Learned a level 3 spell: Conjure Flame
  1006 | D:2      | Learned a level 3 spell: Mephitic Cloud
  1141 | D:2      | Reached skill level 4 in Conjurations
  1184 | D:2      | Reached XP level 4. HP: 20/24 MP: 2/12
  1396 | D:2      | Reached skill level 5 in Conjurations
  1536 | D:2      | Reached XP level 5. HP: 24/28 MP: 5/13
  1590 | D:2      | Found Zin's Purification Station.
  1615 | D:2      | Found a glowing silver altar of Zin.
  1898 | D:3      | Found a stormy altar of Qazlal.
  1946 | D:3      | Found an ancient bone altar of Kikubaaqudgha.
  1953 | D:3      | Found a shattered altar of Ashenzari.
  1970 | D:3      | Found a shadowy altar of Dithmenos.
  2063 | D:3      | Reached skill level 6 in Conjurations
  2216 | D:4      | Noticed a phantom
  2384 | D:4      | Killed a phantom
  2384 | D:4      | Reached skill level 7 in Conjurations
  2384 | D:4      | Reached XP level 6. HP: 24/32 MP: 5/14
  3016 | D:4      | Reached skill level 8 in Conjurations
  3151 | D:4      | Found a radiant altar of Vehumet.
  3177 | D:5      | Entered Level 5 of the Dungeon
  3180 | D:5      | Noticed Edmund
  3195 | D:4      | Reached XP level 7. HP: 26/36 MP: 15/15
  3565 | D:5      | Killed Edmund
  3635 | D:5      | Reached skill level 9 in Conjurations
  3722 | D:5      | Got a faintly glowing chain mail
  3741 | D:4      | Became a worshipper of Vehumet
  3784 | D:5      | HP: 1/36 [centaur/arrow (8)]
  4090 | D:5      | You fall through a shaft!
  4134 | D:6      | Reached skill level 10 in Conjurations
  4134 | D:6      | Reached XP level 8. HP: 32/41 MP: 6/16
  4457 | D:6      | Learned a level 4 spell: Iskenderun's Mystic Blast
  4497 | D:6      | Slain by a bullfrog

Skill      XL: |  1  2  3  4  5  6  7 |
---------------+----------------------+-----
Conjurations   | 2 3 4 5 7 8 10 | 10.9
Dodging        | |  2.4
Stealth        | |  2.4
Spellcasting   | |  4.4
Summonings     | |  1.1
Translocations | |  1.1

Action                   |  1- 3 |  4- 6 |  7- 9 || total
-------------------------+-------+-------+-------++-------
Melee: Short sword       |     3 |     3 |       ||     6
       Long sword        |       |     3 |    10 ||    13
 Cast: Magic Dart        |    78 |   161 |    82 ||   321
       Conjure Flame     |       |     2 |     5 ||     7
       Mephitic Cloud    |       |       |     8 ||     8
       Iskenderun's Myst |       |       |     2 ||     2
  Use: Scroll            |       |       |     5 ||     5
       Potion            |       |       |     1 ||     1
 Stab: Sleeping          |     1 |     2 |       ||     3
       Confused          |       |       |     1 ||     1
  Eat: Chunk             |       |     6 |     4 ||    10
       Ration            |       |       |     1 ||     1
Armor: Robe              |     2 |    11 |     9 ||    22
Dodge: Dodged            |     9 |    36 |    47 ||    92
       Rpst.: Long sword |       |    10 |    12 ||    22
